APP
PRINCETON RAYS @ BLUEFIELD BLUE JAYS
06/28/2044
 
TOP OF THE 1ST
Princeton Rays batting - Pitching for Bluefield Blue Jays : LHP Lance Cagle
Pitching: LHP Lance Cagle
Batting: RHB James Huddleston 0-0: Ball
1-0: Swinging Strike
1-1: Foul Ball, location: 2F
1-2: Strikes out looking
Batting: SHB Berthold Frey 0-0: Foul Ball, location: 2F
0-1: Ball
1-1: Fly out, F7 (Flyball, 7, EV 91.9 MPH)
Batting: LHB Rocky Crowley 0-0: Swinging Strike
0-1: Called Strike
0-2: Ball
1-2: Strikes out swinging
Top of the 1st over - 0 runs, 0 hits, 0 errors, 0 left on base; Princeton 0 - Bluefield 0
BOTTOM OF THE 1ST
Bluefield Blue Jays batting - Pitching for Princeton Rays : RHP Jose Robles
Pitching: RHP Jose Robles
Batting: RHB Justin Geiger 0-0: Ball
1-0: SINGLE (Line Drive, 3D, EV 102.5 MPH)
Batting: SHB Scott Robbins 0-0: Ball
1-0: Swinging Strike
1-1: SINGLE (Groundball, 4MD, EV 86.9 MPH) (infield hit)
Justin Geiger to second
Batting: RHB Taylor Peavey 0-0: Ball
Wild Pitch!
Justin Geiger to third
Scott Robbins to second
1-0: Ball
Wild Pitch!
Justin Geiger scores
Scott Robbins to third
2-0: Called Strike
2-1: Ground out 6-3 (Groundball, 6, EV 81.2 MPH)
Scott Robbins scores
Batting: LHB Cesar Arteaga 0-0: Called Strike
0-1: Ball
1-1: SINGLE (Line Drive, 6MD, EV 97.5 MPH)
Batting: SHB Jack Andrews 0-0: Ball
Cesar Arteaga steals 2nd base
1-0: Ball
2-0: Foul Ball, location: 2F
2-1: Called Strike
2-2: Ball
3-2: Foul Ball, location: 2F
3-2: SINGLE (Groundball, 3S, EV 66.2 MPH) (infield hit)
Cesar Arteaga to third
Batting: RHB Mike Johnson 0-0: Ball
1-0: Ball
2-0: Ball
3-0: Called Strike
3-1: Fly out, F1 (Line Drive, P, EV 69.4 MPH)
Batting: SHB Ryan Chicoine 0-0: Called Strike
0-1: SINGLE (Line Drive, 89S, EV 110.6 MPH)
Cesar Arteaga scores
Jack Andrews to second
Batting: RHB Jose Ontiveros 0-0: Ball
1-0: Ball
2-0: Ball
3-0: Base on Balls
Jack Andrews to third
Ryan Chicoine to second
Batting: RHB Jose Molina 0-0: Foul Ball, location: 2F
0-1: Ball
1-1: Ball
2-1: Ball
3-1: Foul Ball, location: 2F
3-2: Base on Balls
Jack Andrews scores
Ryan Chicoine to third
Jose Ontiveros to second
Batting: RHB Justin Geiger 0-0: DOUBLE (Line Drive, 89M, EV 102.5 MPH)
Ryan Chicoine scores
Jose Ontiveros scores
Jose Molina to third
Runner from 3rd tries for Home, throw by RF and OUT! 9-4-2
Bottom of the 1st over - 6 runs, 6 hits, 0 errors, 1 left on base; Princeton 0 - Bluefield 6
TOP OF THE 2ND
Princeton Rays batting - Pitching for Bluefield Blue Jays : LHP Lance Cagle
Batting: RHB Wil Urban 0-0: Ball
1-0: Swinging Strike
1-1: Ball
2-1: Ball
3-1: Called Strike
3-2: Ground out 5-3 (Groundball, 56, EV 105.0 MPH)
Batting: RHB Dan Marks 0-0: SINGLE (Groundball, 56, EV 90.6 MPH) (infield hit)
Batting: SHB Wayne Hattan 0-0: Foul Ball, location: 2F
0-1: Swinging Strike
0-2: Strikes out swinging
Batting: RHB Chris Thorson 0-0: Ball
1-0: Ball
2-0: Called Strike
2-1: Ground out U3 (Groundball, 3, EV 88.8 MPH)
Top of the 2nd over - 0 runs, 1 hit, 0 errors, 1 left on base; Princeton 0 - Bluefield 6
BOTTOM OF THE 2ND
Bluefield Blue Jays batting - Pitching for Princeton Rays : RHP Jose Robles
Batting: SHB Scott Robbins 0-0: Ball
1-0: Called Strike
1-1: Called Strike
1-2: Ball
2-2: Ball
3-2: Ground out 4-3 (Groundball, 4, EV 101.9 MPH)
Batting: RHB Taylor Peavey 0-0: Ball
1-0: Ball
2-0: Called Strike
2-1: Ground out 5-3 (Groundball, 56S, EV 65.0 MPH)
Batting: LHB Cesar Arteaga 0-0: Ball
1-0: Ground out 5-3 (Groundball, 6, EV 88.8 MPH)
Bottom of the 2nd over - 0 runs, 0 hits, 0 errors, 0 left on base; Princeton 0 - Bluefield 6
TOP OF THE 3RD
Princeton Rays batting - Pitching for Bluefield Blue Jays : LHP Lance Cagle
Batting: RHB Bazyli Andrysiak 0-0: Ground out U3 (Groundball, 34S, EV 84.4 MPH)
Batting: RHB Jim Erdody 0-0: Ball
1-0: Called Strike
1-1: Ball
2-1: Foul Ball, location: 2F
2-2: Foul Ball, location: 2F
2-2: Fly out, F6 (Line Drive, 6, EV 75.0 MPH)
Batting: RHB James Huddleston 0-0: Ball
1-0: Ground out 6-3 (Groundball, 6, EV 85.0 MPH)
Top of the 3rd over - 0 runs, 0 hits, 0 errors, 0 left on base; Princeton 0 - Bluefield 6
BOTTOM OF THE 3RD
Bluefield Blue Jays batting - Pitching for Princeton Rays : RHP Jose Robles
Batting: SHB Jack Andrews 0-0: Foul Ball, location: 2F
0-1: Foul Ball, location: 2F
0-2: Ball
1-2: Ball
2-2: Strikes out looking
Batting: RHB Mike Johnson 0-0: Foul Ball, location: 2F
0-1: Ball
1-1: Swinging Strike
1-2: Fly out, F4 (Line Drive, 4, EV 68.1 MPH)
Batting: SHB Ryan Chicoine 0-0: Ground out 6-3 (Groundball, 6M, EV 103.8 MPH)
Bottom of the 3rd over - 0 runs, 0 hits, 0 errors, 0 left on base; Princeton 0 - Bluefield 6
TOP OF THE 4TH
Princeton Rays batting - Pitching for Bluefield Blue Jays : LHP Lance Cagle
Batting: SHB Berthold Frey 0-0: Foul Ball, location: 2F
0-1: Ball
1-1: Called Strike
1-2: Strikes out looking
Batting: LHB Rocky Crowley 0-0: Ball
1-0: Called Strike
1-1: Swinging Strike
1-2: Ball
2-2: Ball
3-2: Foul Ball, location: 2F
3-2: Ground out 6-3 (Groundball, 6, EV 86.9 MPH)
Batting: RHB Wil Urban 0-0: Ball
1-0: Ground out 5-3 (Groundball, 56S, EV 68.8 MPH)
Top of the 4th over - 0 runs, 0 hits, 0 errors, 0 left on base; Princeton 0 - Bluefield 6
BOTTOM OF THE 4TH
Bluefield Blue Jays batting - Pitching for Princeton Rays : RHP Jose Robles
Pitching: RHP Takenori Iwata
Batting: RHB Jose Ontiveros 0-0: Foul Ball, location: 2F
0-1: Ball
1-1: Ball
2-1: Called Strike
2-2: Ball
3-2: Fly out, F5 (Line Drive, 5, EV 71.9 MPH)
Batting: RHB Jose Molina 0-0: Called Strike
0-1: Ground out 4-3 (Groundball, 4, EV 90.0 MPH)
Batting: RHB Justin Geiger 0-0: Ball
1-0: Ball
2-0: Ball
3-0: DOUBLE (Line Drive, 9LS, EV 93.8 MPH)
Batting: SHB Scott Robbins 0-0: Foul Ball, location: 2F
0-1: Foul Ball, location: 2F
0-2: Ball
1-2: Ball
2-2: Strikes out swinging
Bottom of the 4th over - 0 runs, 1 hit, 0 errors, 1 left on base; Princeton 0 - Bluefield 6
TOP OF THE 5TH
Princeton Rays batting - Pitching for Bluefield Blue Jays : LHP Lance Cagle
Batting: RHB Dan Marks 0-0: Ball
1-0: Foul Ball, location: 2F
1-1: Swinging Strike
1-2: Ball
2-2: Fly out, F8 (Flyball, 8LXD, EV 86.9 MPH)
Batting: SHB Wayne Hattan 0-0: Ball
1-0: Ball
2-0: Foul Ball, location: 2F
2-1: Swinging Strike
2-2: Ball
3-2: Ground out 6-3 (Groundball, 56, EV 97.5 MPH)
Batting: RHB Chris Thorson 0-0: Ball
1-0: Swinging Strike
1-1: Ball
2-1: Ball
3-1: Swinging Strike
3-2: SINGLE (Groundball, 34D, EV 106.2 MPH)
Batting: RHB Bazyli Andrysiak 0-0: Called Strike
0-1: Fly out, F9 (Flyball, 89D, EV 91.2 MPH)
Top of the 5th over - 0 runs, 1 hit, 0 errors, 1 left on base; Princeton 0 - Bluefield 6
BOTTOM OF THE 5TH
Bluefield Blue Jays batting - Pitching for Princeton Rays : RHP Takenori Iwata
Batting: RHB Taylor Peavey 0-0: Foul Ball, location: 2F
0-1: Called Strike
0-2: Ball
1-2: Ball
2-2: Ball
3-2: SINGLE (Line Drive, 9S, EV 100.6 MPH)
Batting: LHB Cesar Arteaga 0-0: Ball
1-0: Ball
2-0: Ball
3-0: Base on Balls
Taylor Peavey to second
Batting: SHB Jack Andrews 0-0: Foul Ball, location: 2F
0-1: DOUBLE (Line Drive, 9LM, EV 112.5 MPH)
Taylor Peavey scores
Cesar Arteaga to third
Batting: RHB Mike Johnson 0-0: Fly out, F3 (Popup, 3F, EV 63.1 MPH)
Batting: SHB Ryan Chicoine 0-0: Called Strike
0-1: Swinging Strike
0-2: Ball
1-2: Strikes out swinging
Batting: RHB Jose Ontiveros 0-0: Ball
1-0: Foul Ball, location: 2F
1-1: Foul Ball, location: 2F
1-2: Ball
2-2: Fly out, F6 (Popup, 6, EV 67.5 MPH)
Bottom of the 5th over - 1 run, 2 hits, 0 errors, 2 left on base; Princeton 0 - Bluefield 7
TOP OF THE 6TH
Princeton Rays batting - Pitching for Bluefield Blue Jays : LHP Lance Cagle
Batting: RHB Jim Erdody 0-0: Ball
1-0: SINGLE (Groundball, 6MD, EV 95.0 MPH)
Batting: RHB James Huddleston 0-0: Called Strike
0-1: Foul Ball, location: 2F
0-2: Foul Ball, location: 2F
0-2: Ball
1-2: Foul Ball, location: 2F
1-2: Foul Ball, location: 2F
1-2: Foul Ball, location: 2F
1-2: Ball
2-2: Ball
3-2: DOUBLE (Groundball, 5L, EV 105.0 MPH)
Jim Erdody to third
Batting: SHB Berthold Frey 0-0: Ball
1-0: Foul Ball, location: 2F
1-1: Called Strike
1-2: Strikes out looking
Batting: LHB Rocky Crowley 0-0: Foul Ball, location: 2F
0-1: Foul Ball, location: 2F
0-2: Ball
1-2: Ball
2-2: Ball
3-2: Base on Balls
Batting: RHB Wil Urban 0-0: Foul Ball, location: 2F
0-1: Ball
Wild Pitch!
Jim Erdody scores
James Huddleston to third
Rocky Crowley to second
1-1: Ball
2-1: Foul Ball, location: 2F
2-2: Hit by Pitch
Batting: RHB Dan Marks 0-0: Ball
1-0: Called Strike
1-1: Ball
2-1: Ball
3-1: Base on Balls
James Huddleston scores
Rocky Crowley to third
Wil Urban to second
Batting: SHB Wayne Hattan 0-0: Called Strike
0-1: Ball
1-1: Ball
2-1: Foul Ball, location: 2F
2-2: Fly out, F4 (Popup, 4MD, EV 50.0 MPH)
Pitching: RHP Joe Spencer
Pinch Hitting: SHB Lou Kroneman 0-0: Foul Ball, location: 2F
0-1: Foul Ball, location: 2F
0-2: Ball
1-2: Ball
2-2: Ball
3-2: Fly out, F9 (Flyball, 8RS, EV 90.6 MPH)
Top of the 6th over - 2 runs, 2 hits, 0 errors, 3 left on base; Princeton 2 - Bluefield 7
BOTTOM OF THE 6TH
Bluefield Blue Jays batting - Pitching for Princeton Rays : RHP Takenori Iwata
Now at 2B: Jim Erdody
Now at SS: Lou Kroneman
Batting: RHB Jose Molina 0-0: Called Strike
0-1: Foul Ball, location: 2F
0-2: Strikes out looking
Batting: RHB Justin Geiger 0-0: Ball
1-0: Ball
2-0: Fly out, F8 (Flyball, 89S, EV 92.5 MPH)
Batting: SHB Scott Robbins 0-0: Called Strike
0-1: Ball
1-1: Ball
2-1: Called Strike
2-2: DOUBLE (Line Drive, 89M, EV 110.0 MPH)
Batting: RHB Taylor Peavey 0-0: Ball
1-0: Foul Ball, location: 2F
1-1: Ball
2-1: Foul Ball, location: 2F
2-2: Foul Ball, location: 2F
2-2: SINGLE (Groundball, 6MD, EV 106.9 MPH)
Scott Robbins to third
Runner from 3rd tries for Home, SAFE, throw by CF to home
Taylor Peavey to second
Batting: LHB Cesar Arteaga 0-0: Foul Ball, location: 2F
0-1: Foul Ball, location: 2F
0-2: Foul Ball, location: 2F
0-2: Foul Ball, location: 2F
0-2: Ball
1-2: Foul Ball, location: 2F
1-2: Foul Ball, location: 2F
1-2: SINGLE (Groundball, 34D, EV 100.0 MPH)
Taylor Peavey to third
Runner from 3rd tries for Home, SAFE, throw by RF to home
Pitching: LHP Parker Martinet
Batting: SHB Jack Andrews 0-0: Ball
Cesar Arteaga steals 2nd, throwing error, E2
Cesar Arteaga to third
1-0: Ground out 4-3 (Groundball, 4, EV 111.2 MPH)
Bottom of the 6th over - 2 runs, 3 hits, 1 error, 1 left on base; Princeton 2 - Bluefield 9
TOP OF THE 7TH
Princeton Rays batting - Pitching for Bluefield Blue Jays : RHP Joe Spencer
Batting: RHB Bazyli Andrysiak 0-0: Swinging Strike
0-1: Ball
1-1: Ground out 6-3 (Groundball, 6, EV 105.0 MPH)
Batting: RHB Jim Erdody 0-0: Ball
1-0: Ball
2-0: Ground out U3 (Groundball, 34S, EV 84.4 MPH)
Pinch Hitting: LHB Zach Rose 0-0: Ground out U3 (Groundball, 3L, EV 86.9 MPH)
Top of the 7th over - 0 runs, 0 hits, 0 errors, 0 left on base; Princeton 2 - Bluefield 9
BOTTOM OF THE 7TH
Bluefield Blue Jays batting - Pitching for Princeton Rays : LHP Parker Martinet
Now at 3B: Zach Rose
Batting: RHB Mike Johnson 0-0: Ball
1-0: Fly out, F8 (Flyball, 8LD, EV 82.5 MPH)
Batting: SHB Ryan Chicoine 0-0: Ball
1-0: Ground out 3-1 (Groundball, 34S, EV 87.5 MPH)
Pinch Hitting: LHB Brennan Crisp 0-0: Ball
1-0: Ball
2-0: Called Strike
2-1: Foul Ball, location: 2F
2-2: Reached on error, E5 (Groundball, 56, EV 103.8 MPH)
Batting: RHB Jose Molina 0-0: Ball
Wild Pitch!
Brennan Crisp to second
1-0: Swinging Strike
1-1: Ball
2-1: Ball
3-1: Base on Balls
Batting: RHB Justin Geiger 0-0: SINGLE (Groundball, 25, EV 69.4 MPH) (infield hit)
Brennan Crisp to third
Jose Molina to second
Pinch Hitting: SHB Zach Hillard 0-0: Fielders Choice at 2nd, 5-4 (Groundball, 5, EV 107.5 MPH)
Bottom of the 7th over - 0 runs, 1 hit, 1 error, 3 left on base; Princeton 2 - Bluefield 9
TOP OF THE 8TH
Princeton Rays batting - Pitching for Bluefield Blue Jays : RHP Joe Spencer
Now in CF: Brennan Crisp
Now in RF: Zach Hillard
Batting: SHB Berthold Frey 0-0: Ball
1-0: Ball
2-0: Called Strike
2-1: Swinging Strike
2-2: Strikes out looking
Batting: LHB Rocky Crowley 0-0: Foul Ball, location: 2F
0-1: Ball
1-1: Foul Ball, location: 2F
1-2: TRIPLE (Flyball, 8RXD, EV 97.5 MPH)
Batting: RHB Wil Urban 0-0: Ball
1-0: Ball
2-0: Foul Ball, location: 2F
2-1: Ball
3-1: Foul Ball, location: 2F
3-2: 2-RUN HOME RUN (Flyball, 78XD, EV 106.9 MPH), Distance : 421 ft
Batting: RHB Dan Marks 0-0: Foul Ball, location: 2F
0-1: Foul Ball, location: 2F
0-2: TRIPLE (Line Drive, 8LXD, EV 96.2 MPH)
Batting: SHB Wayne Hattan 0-0: Called Strike
0-1: Foul Ball, location: 2F
0-2: Ball
1-2: Ball
2-2: SINGLE (Groundball, 6MD, EV 100.6 MPH)
Dan Marks scores
Pitching: RHP Dave Kurtz
Batting: SHB Lou Kroneman 0-0: Foul Ball, location: 2F
0-1: SINGLE (Groundball, 34S, EV 68.1 MPH) (infield hit)
Wayne Hattan to second
Batting: RHB Bazyli Andrysiak 0-0: Called Strike
0-1: Fielders Choice at 2nd, 3-6 (Groundball, 34, EV 108.1 MPH)
Wayne Hattan to third
Pinch Hitting: LHB Josh Redfern 0-0: Foul Ball, location: 2F
0-1: Ball
1-1: 3-RUN HOME RUN (Flyball, 9LD, EV 94.4 MPH), Distance : 342 ft
Batting: LHB Zach Rose 0-0: Ball
1-0: Ground out 6-3 (Groundball, 6, EV 106.9 MPH)
Top of the 8th over - 6 runs, 6 hits, 0 errors, 0 left on base; Princeton 8 - Bluefield 9
BOTTOM OF THE 8TH
Bluefield Blue Jays batting - Pitching for Princeton Rays : LHP Parker Martinet
Now at 2B: Kunizo Yanagisawa
Batting: RHB Taylor Peavey 0-0: Ball
1-0: Ball
2-0: Fly out, F8 (Flyball, 78XD, EV 95.0 MPH)
Batting: LHB Cesar Arteaga 0-0: Ball
1-0: Ball
2-0: Fly out, F8 (Flyball, 78D, EV 106.9 MPH)
Batting: SHB Jack Andrews 0-0: Ball
1-0: Swinging Strike
1-1: Ball
2-1: Fly out, F9 (Flyball, 9LS, EV 93.1 MPH)
Bottom of the 8th over - 0 runs, 0 hits, 0 errors, 0 left on base; Princeton 8 - Bluefield 9
TOP OF THE 9TH
Princeton Rays batting - Pitching for Bluefield Blue Jays : RHP Dave Kurtz
Pitching: LHP Dylan Batstone
Batting: SHB Berthold Frey 0-0: Ball
1-0: Called Strike
1-1: Swinging Strike
1-2: Strikes out swinging
Pinch Hitting: RHB Jon Gonzales 0-0: Fly out, F7 (Flyball, 78S, EV 95.0 MPH)
Batting: RHB Wil Urban 0-0: Ball
1-0: Ball
2-0: Foul Ball, location: 2F
2-1: Foul Ball, location: 2F
2-2: Ball
3-2: Foul Ball, location: 2F
3-2: Strikes out swinging
Top of the 9th over - 0 runs, 0 hits, 0 errors, 0 left on base; Princeton 8 - Bluefield 9
Thursday, March 31st , 2022 - OOTP Baseball 22.12 Build 89